 BcadrenCrawl: Boulder Brew version 0.06-744-gf22570f5e0 (webtiles) character file.

Game seed: 218497065347295174

380 LabCoat the Skirmisher (level 6, -1/79 HPs) Hill Orc Fighter. Began on Mar 5, 2023. Splashed by a jelly's acid (6 damage) ... on level 2 of the Dungeon. The game lasted 00:08:07 (1971 turns).

LabCoat the Skirmisher (Hill Orc Fighter)           Turns: 1971, Time: 00:08:09

Health: -1/79      AC: -6    Str: 21    XL:     6 ^: 74
Magic:  6/6        EV:  7    Int:  8    God:
Gold:   70         SH:  7    Dex: 10    Spells: 5/5 levels left

rFire    . . .     Slash    .   a - +0 war axe
rCold    . . .     Pierce   .   c - +0 heater shield
rNeg     . . .     Bludgeon .   d - +0 chain mail
rCorr    . . .     Vision   .   (no helmet)
rPois    .         Gourm    .   (no cloak)
rElec    .         Faith    .   (no gloves)
MR       .....     Spirit   .   (no boots)
HPRegen  0.36/turn Reflect  .   (no amulet)
MPRegen  0.16/turn Harm     .   (no ring)
Stlth    ..........             (no ring)

@: corroded
A: soft flesh
a: no special abilities


You were on level 2 of the Dungeon.
You were not hungry.

You visited 1 branch of the dungeon, and saw 2 of its levels.

You collected 70 gold pieces.

Inventory:

Weapons
 a - a +0 war axe (weapon) Shields
 c - a +0 heater shield (shield)
Armour
 d - a +0 chain mail (worn)
Wands
 g - a wand of disintegration (15)
Scrolls
 e - a scroll of immolation
 i - a scroll of bless item
Comestibles
 f - a ration


   Skills:
 * Level 5.6 Fighting
 * Level 5.1 Axes & Hammers
 + Level 4.2 Armour
 + Level 1.2 Dodging
 * Level 4.8 Shields


You had 5 spell levels left.
You didn't know any spells.
Your spell library was empty.

Dungeon Overview and Level Annotations

Branches:
Dungeon (2/8)

Altars:


Innate Abilities, Weirdness & Mutations

((Your soft flesh is weak to deep cuts.
Heavy manmade armour will nullify this weakness. (rSlashing-)))


Message History

The jelly hits you (2).
You are splashed with acid (6).
You hit the jelly but do no damage.
Your hands burn (3).
The jelly is severely wounded. (11/35) HP The jelly hits you (3).
The acid corrodes you!
You are splashed with acid (8)!
* * * LOW HITPOINT WARNING * * *
You hit the jelly (3).
It resists.
Your hands burn (2).
* * * LOW HITPOINT WARNING * * *
The jelly is severely wounded. (8/35) HP The jelly barely misses you.
The jelly hits you (3).
* * * LOW HITPOINT WARNING * * *
You are splashed with acid (10)!
* * * LOW HITPOINT WARNING * * *
You aren't carrying any potions.
You hit the jelly (3).
It resists.
Your hands burn (1).
* * * LOW HITPOINT WARNING * * *
The jelly is almost dead. (6/35) HP The jelly hits you (3).
* * * LOW HITPOINT WARNING * * *
You are splashed with acid (6).
You die...

##≈.≈≈P.≈.[## # ###..##≈.P≈.≈.# #
##≈.####.≈≈P÷.## #
#≈....≈#....≈.# # #....≈.#.≈≈...#
### ##≈≈##≈.[≈≈≈≈.# ### #P.
#######)≈≈≈≈.###≈#### ###≈#
#≈≈≈≈≈.#..#≈≈≈# #.≈#
#########≈≈≈≈≈.J@≈#########.≈####
≈≈...≈≈≈≈≈≈≈≈≈≈....≈≈≈≈...≈≈≈≈≈≈≈
PP≈.≈≈≈≈≈≈≈≈≈≈≈≈≈.≈≈≈≈.≈.≈≈≈≈≈≈≈≈
≈≈≈......≈≈≈..≈≈...≈≈≈≈≈..≈≈≈≈≈≈≈
≈≈≈.≈≈.≈..≈≈≈b≈b.≈≈≈≈≈P≈≈...≈≈≈≈≈
≈≈..≈≈..≈≈≈≈≈≈≈≈≈≈≈≈≈≈≈≈≈.≈..≈≈≈≈
≈≈≈..≈≈.≈≈≈≈≈≈≈≈≈≈≈≈≈≈≈..≈≈≈.[≈≈≈
≈≈≈≈.≈≈.≈≈≈≈≈≈≈≈≈≈≈≈≈≈≈PP≈≈≈P≈≈≈≈
≈≈≈.≈≈≈..≈≈≈≈≈≈≈≈≈≈≈≈≈≈≈≈≈≈≈≈P≈≈≈


You could see a jelly.

Vanquished Creatures
  2 jellies (D:2)
  3 giant cockroaches (D:1)
  24 sewer rats (D:2)
  5 worms (D:1)
  A cinder newt (D:2)
  3 leopard geckos
  A cinder newt skeleton (D:2)
  3 goblins (D:1)
  5 hobgoblins (D:1)
  4 kobolds (D:1)
  2 ball pythons (D:2)
  4 bats
  An orc skeleton (D:2)
  5 rats (D:1)
  A withered plant (D:2)
64 creatures vanquished.

Vanquished Creatures (others)
  2 jellies (D:2)
  2 giant cockroaches (D:2)
  4 sewer rats (D:2)
  A worm (D:2)
  2 leopard geckos (D:2)
  3 bats (D:2)
  A ball python (D:2)
  A ball python skeleton (D:2)
  3 bat skeletons (D:2)
  A goblin skeleton (D:2)
  9 kobolds (D:2)
  A rat (D:2)
  7 giant blowflies (D:2)
  4 slimeheads (D:2)
  60 withered plants (D:2)
101 creatures vanquished.

Grand Total: 165 creatures vanquished

Notes
Turn   | Place    | Note
-------+----------+-------------------------------------------
     0 | D:1      | LabCoat the Hill Orc Fighter began the quest for the Orb.
     0 | D:1      | Reached XP level 1. HP: 29/29 MP: 1/1
   105 | D:1      | Reached XP level 2. HP: 30/39 MP: 2/2
   203 | D:1      | Reached XP level 3. HP: 42/49 MP: 3/3
   447 | D:1      | Reached XP level 4. HP: 59/59 MP: 4/4
   869 | D:2      | Reached XP level 5. HP: 16/69 MP: 5/5
  1106 | D:2      | Reached skill level 5 in Fighting
  1303 | D:2      | Reached skill level 1 in Dodging
  1303 | D:2      | Reached XP level 6. HP: 37/79 MP: 6/6
  1707 | D:2      | Reached skill level 5 in Axes & Hammers
  1741 | D:2      | HP: 3/79 [acid (4)]
  1971 | D:2      | Splashed by a jelly's acid

Illustrated notes

Levels and vault maps discovered:
D:1:      evilmike_arrival_hilbert_curve, layout_rooms, first_ration,
          lightli_sewer_entry_pipes
D:2:      layout_sewer, old_standard_altar, lemuel_doored_altar, serial_shops,
          shop_fountains, minmay_tall_x, uniq_blork_the_orc, uniq_eustachio

Skill      XL: |  1  2  3  4  5  6 |
---------------+-------------------+-----
Axes & Hammers | 3 4 5 |  5.1
Fighting       | 4 5 |  5.6
Shields        | 4 |  4.8
Armour         | 4 |  4.2
Dodging        | 1 |  1.2

Action                   |  1- 3 |  4- 6 || total
-------------------------+-------+-------++-------
Melee: War axe           |    33 |   181 ||   214
Throw: Stone             |       |     8 ||     8
       Skull             |       |     5 ||     5
       Bone              |       |     5 ||     5
       Rusty metal       |       |     2 ||     2
  Use: Potion            |       |     2 ||     2
       Scroll            |       |     1 ||     1
  Eat: Ration            |       |     1 ||     1
       Chunk             |       |     1 ||     1
Armor: Scale mail        |     7 |    64 ||    71
       Chain mail        |       |    30 ||    30
Dodge: Dodged            |     6 |    35 ||    41
Block: Heater shield     |    12 |    68 ||    80
